 Dungeon Crawl Stone Soup version 0.31-a0-703-gcfe89afef6 (webtiles) character file.

Game seed: 4159878605563816169

33 qw the Shooter (level 3, 0/22 HPs)
             Began as a Gargoyle Hunter on Sept 8, 2023.
             Slain by a goblin
             ... wielding a +0 club
             ... led by Robin
              (2 damage)
             ... on level 2 of the Dungeon.
             The game lasted 00:00:17 (954 turns).

qw the Shooter (Gargoyle Hunter)                     Turns: 954, Time: 00:00:18

Health: 0/22       AC:  6    Str: 14    XL:     3   Next: 29%
Magic:  3/3        EV: 11    Int:  9    God:
Gold:   64         SH:  0    Dex: 15    Spells: 2/2 levels left

rFire   . . .        a - +0 shortbow
rCold   . . .        (shield currently unavailable)
rNeg    + . .        c - +0 leather armour
rPois   inf          (no helmet)
rElec   +            (no cloak)
rCorr   .            (no gloves)
SInv    .            (no boots)
Will    .....        (no amulet)
Stlth   ++           (no ring)
HPRegen 0.23/turn    (no ring)
MPRegen 0.08/turn

%: no passive effects
@: no status effects
A: sickness immunity, AC +3, negative energy resistance 1, electricity
resistance, torment resistance 1, petrification resistance
a: no special abilities


You were on level 2 of the Dungeon.
You visited 1 branch of the dungeon, and saw 2 of its levels.

You collected 64 gold pieces.


Innate Abilities, Weirdness & Mutations

You are immune to sickness and miasma.
Your stone body is resilient. (AC +3)
You are immune to poison.
You resist negative energy. (rN+)
You are resistant to electric shocks. (rElec)
You are resistant to unholy torment.
You are immune to petrification.


   Skills:
 + Level 2.4 Fighting
 - Level 5.0 Ranged Weapons
 - Level 1.5 Dodging
 - Level 1.1 Stealth


You had 2 spell levels left.
You didn't know any spells.
Your spell library was empty.

Inventory:

Hand Weapons
 a - a +0 shortbow (weapon)
Armour
 c - a +0 leather armour (worn)
Potions
 d - a potion of curing
 f - a potion of heal wounds {unknown}

Dungeon Overview and Level Annotations

Branches:
Dungeon (2/15)

Altars:

Annotations:
D:2 Robin


Message History

You shoot an arrow. The arrow closely misses the goblin.
Robin of the Strong Arm comes into view.
They are wielding a +1 mace of protection.
You shoot an arrow.
The arrow hits the goblin but does no damage.
A goblin comes into view. It is wielding a +0 dagger.
Robin roars a battlecry!
The goblins go into a battle-frenzy!
You shoot an arrow.
The arrow hits the goblin but does no damage.
A hobgoblin comes into view.
Robin throws the goblin at you! The goblin hits you with a club.
A goblin comes into view. It is wielding a +0 club.
Robin throws the goblin at you!
You shoot an arrow.
The arrow hits the goblin but does no damage.
The goblin closely misses you.
Robin roars a battlecry!
The goblin hits you with a +0 club.
You shoot an arrow. The arrow barely misses the goblin.
The arrow hits the hobgoblin.
The hobgoblin is lightly wounded.
The goblin barely misses you.
A hobgoblin comes into view.
The goblin closely misses you.
You shoot an arrow. The arrow closely misses the goblin.
The arrow hits the hobgoblin!
You kill the hobgoblin!
The goblin hits you with a +0 club. x2
You shoot an arrow. The arrow hits the goblin.
You kill the goblin!
Robin says, "Bow before me, strongest of all the hobgoblins!"
The goblin hits you but does no damage.
You shoot an arrow.
The arrow hits the goblin but does no damage.
The goblin hits you but does no damage. The goblin misses you.
A goblin comes into view. It is wielding a +0 dagger.
You shoot an arrow. The arrow misses the goblin.
The arrow hits the goblin.
You kill the goblin!
The goblin hits you with a +0 club. x2
You die... ......# .<...# .# #.# ....#+## .# ...# #......# .# .)## ####......# .#..)g. #<.'.%....# .#.g. ####......# gg.

#......##g#
#......#@g#
#......#.##
#......#.#
#........#
######.........
#..........
#.#........
..######### ..#


You could see Robin, 2 hobgoblins and 3 goblins.

Vanquished Creatures
  3 bats (D:1)
  4 endoplasms (D:1)
  4 giant cockroaches
  6 goblins
  4 hobgoblins
  A quokka (D:1)
  2 ball pythons (D:1)
  A frilled lizard (D:2)
  2 rats (D:1)
27 creatures vanquished.

Notes
Turn   | Place    | Note
-------+----------+-------------------------------------------
     0 | D:1      | qw the Gargoyle Hunter began the quest for the Orb.
     0 | D:1      | Reached XP level 1. HP: 12/12 MP: 1/1
     0 | D:1      | 0 ||| qw: Version: 0.3-a-76-g4403597
     0 | D:1      | 0 ||| qw: Game counter: 1298
     0 | D:1      | 0 ||| qw: Melee chars always use a shield: true
     0 | D:1      | 0 ||| qw: God list: Okawaru
     0 | D:1      | 0 ||| qw: Allow faded altars: false
     0 | D:1      | 0 ||| qw: Do Orc after clearing Dungeon:15 true
     0 | D:1      | 0 ||| qw: Do second Lair branch before Depths: true
     0 | D:1      | 0 ||| qw: Lair rune preference: random
     0 | D:1      | 0 ||| qw: Goals: Normal
     0 | D:1      | 0 ||| PLANNING D:1-11
   130 | D:1      | Reached XP level 2. HP: 17/17 MP: 2/2
   869 | D:1      | 869 ||| DRINKING 2 red potions.
   870 | D:1      | 870 ||| DRINKING 2 bubbling coppery potions.
   871 | D:1      | 871 ||| DROPPING scroll of butterflies.
   872 | D:1      | 872 ||| DROPPING potion of brilliance.
   923 | D:2      | Reached XP level 3. HP: 21/21 MP: 3/3
   943 | D:2      | Reached skill level 5 in Ranged Weapons
   946 | D:2      | Noticed Robin
   954 | D:2      | HP: 2/22 [goblin/+0 club[Robin] (6)]
   954 | D:2      | Slain by a goblin

Levels and vault maps discovered:
D:1:      lemuel_arrival_broad_hall, layout_basic
D:2:      layout_basic, uniq_robin

Skill      XL: |  1  2  3 |
---------------+----------+-----
Ranged Weapons | 5 |  5.0
Fighting       | |  2.4
Dodging        | |  1.5
Stealth        | |  1.1

Action                     || total
---------------------------++-------
   Fire: Shortbow          ||    84
    Use: Potion            ||     2
 Armour: Leather armour    ||    29
  Dodge: Dodged            ||    16

Table legend:
 A = Non-vault XP
 B = Vault XP
 C = Vault XP percentage of total XP
 D = Non-vault monster count
 E = Vault monster count
 F = Vault count percentage of total count
                 A         B        C        D         E       F
            +---------+---------+-------+---------+---------+-------
      Total |      38 |      12 |  24.0 |      21 |       6 |  22.2
            +---------+---------+-------+---------+---------+-------
        D:1 |      33 |       0 |   0.0 |      18 |       0 |   0.0
        D:2 |       5 |      12 |  70.6 |       3 |       6 |  66.7
            +---------+---------+-------+---------+---------+-------
